 Dungeon Crawl Stone Soup version 0.28-a0-1227-ga9037bb4c8 (webtiles) character file.

Game seed: 5877921540208809756

196 siradein the Caller (level 5, -2/28 HPs)
             Began as a Tengu Summoner on Dec 23, 2021.
             Slain by an orc (4 damage)
             ... on level 3 of the Dungeon.
             The game lasted 00:05:06 (4016 turns).

siradein the Caller (Tengu Summoner)                Turns: 4016, Time: 00:05:08

Health: -2/28      AC:  2    Str:  8    XL:     5   Next: 75%
Magic:  11/11      EV: 16    Int: 17    God:
Gold:   120        SH:  0    Dex: 15    Spells: 1/10 levels left

rFire   . . .      SeeInvis .   l - +0 quarterstaff
rCold   . . .      Faith    .   (shield currently unavailable)
rNeg    . . .      Spirit   .   a - +0 robe
rPois   .          Reflect  .   (helmet restricted)
rElec   .          Harm     .   (no cloak)
rCorr   .          Rampage  .   (no gloves)
Will    .....                   (boots unavailable)
Stlth   ++........              (no amulet)
HPRegen 0.09/turn               (no ring)
MPRegen 0.12/turn               (no ring)

@: flying quickly and evasively, quick
A: beak, talons 3, nimble flight
a: no special abilities


You were on level 3 of the Dungeon.
You visited 1 branch of the dungeon, and saw 3 of its levels.

You collected 120 gold pieces.

Inventory:

Hand Weapons
 l - a +0 quarterstaff (weapon)
Armour
 a - a +0 robe (worn)
Scrolls
 d - 7 scrolls of identify {unknown}
 h - a scroll of fear {unknown}
Potions
 b - 3 potions of haste {unknown}
 c - a potion of magic {unknown}
 e - a potion of flight {unknown}
 f - a potion of brilliance {unknown}
 g - 2 potions of curing {unknown}
 i - a potion of degeneration {unknown}
 j - a potion of might


   Skills:
 + Level 4.0 Dodging
 - Level 2.0 Stealth
 + Level 3.4 Spellcasting
 + Level 6.1 Summonings


You had one spell level left.
You knew the following spells:

 Your Spells              Type           Power      Damage    Failure   Level
a - Summon Small Mammal   Summ           92%        N/A       1%          1
b - Call Imp              Summ           23%        N/A       1%          2
c - Call Canine Familiar  Summ           23%        N/A       4%          3
d - Summon Guardian Gole  Hex/Summ       13%        N/A       14%         3

Your spell library contained the following spells:

 Spells                   Type           Power      Damage    Failure   Level
 Summon Lightning Spire   Summ/Air       13%        N/A       43%         4


Dungeon Overview and Level Annotations

Branches:
Dungeon (3/15)

Altars:


Innate Abilities, Weirdness & Mutations

You have a beak for a mouth.
You have claws for feet.
Your magical nature lets you fly swiftly and evasively.


Message History

Aim: an orc priest, wielding a +0 hand axe Attack!
The orc priest misses your hound.
Your hound barely misses the orc priest.
The orc priest invokes the aid of Beogh against you.
Your hound writhes in agony.
Your hound bites the orc priest.
Your hound closely misses the orc priest.
The orc barely misses you.
The orc priest hits your hound with a +0 hand axe.
The orc shouts!
You hit the orc.
The orc is severely wounded.
Your hound bites the orc priest.
The orc hits you with a +0 hand axe.
The orc priest hits your hound with a +0 hand axe!
Your hound bites the orc priest.
You sock the orc!
You kill the orc!
Your hound bites the orc priest.
The orc priest hits your hound but does no damage.
Your hound barely misses the orc priest.
The orc misses you.
You see here a +0 hand axe.
You hit the orc.
The orc is lightly wounded.
The orc misses you.
The orc priest hits you with a +0 hand axe.
You closely miss the orc priest.
The orc priest is almost dead.
Your hound barely misses the orc.
The orc priest hits you with a +0 hand axe.
The orc closely misses you.
Your hound bites the orc but does no damage.
You closely miss the orc priest.
The orc priest is almost dead.
Your hound closely misses the orc.
The orc priest invokes the aid of Beogh against you.
Beogh smites you!
* * * LOW HITPOINT WARNING * * *
The orc hits you with a +2 mace of protection.
You die...

#.# #..#.# #.# #.#
#..#.###.# #.# #.....##.#
#.# #.##..##.# #)#
#.##..##.#
#######.#######.##..##.#
#...................##.#
..............##..##.##.#
##.#.###..o@oh......#..<#
# #.#.#
##.###.#.#.##.#### #.
#.#.# #.###)...<##.#
#.#####.#.#
#.##....####.# #)...#.#.#
#............# #.#...#.#
####....###### #
##...o..########.#.#
###.###.....o.h..h.(.#
.#.## #.##########.###


You could see an orc priest, an orc (ally target) and a friendly hound
(summoned).

Vanquished Creatures
  2 adders (D:2)
  2 dart slugs
  An orc (D:3)
  4 ball pythons
  3 endoplasms (D:1)
  3 giant cockroaches
  5 goblins
  7 hobgoblins
  3 quokkas
  2 bats
  4 frilled lizards
  3 kobolds
  3 rats
42 creatures vanquished.

Vanquished Creatures (collateral kills)
  An orc priest (D:3)
  Natasha (thrice) (D:2)
  An adder (D:2)
  An orc (D:3)
  A bat (D:3)
  A giant cockroach (D:1)
  A ball python (D:3)
  A frilled lizard (D:2)
  5 kobolds
15 creatures vanquished.

Grand Total: 57 creatures vanquished

Notes
Turn   | Place    | Note
-------+----------+-------------------------------------------
     0 | D:1      | siradein the Tengu Summoner began the quest for the Orb.
     0 | D:1      | Reached XP level 1. HP: 10/10 MP: 4/4
   155 | D:1      | Reached skill level 5 in Summonings
   155 | D:1      | Reached XP level 2. HP: 15/15 MP: 4/6
   158 | D:1      | Learned a level 2 spell: Call Imp
  1194 | D:1      | Reached XP level 3. HP: 16/19 MP: 4/7
  1202 | D:1      | Learned a level 3 spell: Call Canine Familiar
  1506 | D:2      | Found a faded altar of an unknown god.
  1725 | D:2      | Noticed Natasha
  1751 | D:2      | Killed Natasha
  1752 | D:2      | Reached XP level 4. HP: 24/24 MP: 3/9
  2529 | D:2      | Noticed Natasha
  2541 | D:2      | Killed Natasha
  2542 | D:2      | Gained mutation: Your magical nature lets you fly swiftly
                  | and evasively. [Tengu growth]
  2542 | D:2      | Reached XP level 5. HP: 28/28 MP: 3/10
  2546 | D:2      | Learned a level 3 spell: Summon Guardian Golem
  2557 | D:2      | Noticed Natasha
  2881 | D:2      | Killed Natasha
  3215 | D:3      | Reached skill level 6 in Summonings
  4016 | D:3      | Slain by an orc

Illustrated notes

Levels and vault maps discovered:
D:1:      ebering_hopf_link, layout_basic, minmay_domino_4
D:2:      layout_loops_ring, hellmonk_ecumenical_altar_prayer_group,
          uniq_natasha
D:3:      layout_loops_ring

Skill      XL: |  1  2  3  4  5 |
---------------+----------------+-----
Summonings     | 5 6 |  6.1
Dodging        | 3 4 |  4.0
Spellcasting   | 3 |  3.4
Stealth        | |  2.0

Action                   |  1- 3 |  4- 6 || total
-------------------------+-------+-------++-------
Melee: Unarmed           |    10 |       ||    10
       Kick              |    13 |     8 ||    21
       Hand axe          |    16 |       ||    16
       Peck              |     2 |    11 ||    13
       Rapier            |    28 |    30 ||    58
       Quarterstaff      |       |    25 ||    25
       Short sword       |       |     7 ||     7
 Cast: Summon Small Mamm |     4 |       ||     4
       Call Imp          |    10 |     4 ||    14
       Call Canine Famil |     2 |     8 ||    10
 Stab: Sleeping          |     2 |     2 ||     4
Armor: Robe              |     6 |    12 ||    18
Dodge: Dodged            |    32 |    57 ||    89

Table legend: (Time is in decaauts)
 A = Elapsed time spent in this place.
 B = Non-inter-level travel time spent in this place.
 C = Inter-level travel time spent in this place.
 D = Time resting spent in this place.
 E = Time spent auto-exploring this place.
 F = Levels seen in this place.
 G = Mean time per level.
                   A        B        C        D        E       F      G
               +--------+--------+--------+--------+--------+-----+--------+
         Total |   3976 |   3944 |     32 |    276 |   3032 |   3 | 1325.3 |
       Dungeon |   3976 |   3944 |     32 |    276 |   3032 |   3 | 1325.3 |
               +--------+--------+--------+--------+--------+-----+--------+

Top non-repeatable levels by time:
     D:2: 1970 daAuts
     D:1: 1472 daAuts
     D:3: 534 daAuts
